 Dungeon Crawl Stone Soup version 0.18.1-5-g4a78601 (webtiles) character file.

503 Chiseanne the Magician (level 6, 0/41 HPs)
             Began as a Demonspawn Wizard on May 11, 2016.
             Drowned by a drowned soul (3 damage)
             ... summoned by a malarious merfolk avatar
             ... in a sewer.
             The game lasted 00:04:32 (1852 turns).

Chiseanne the Magician (Demonspawn Wizard)          Turns: 1852, Time: 00:04:33

Health: 0/41       AC:  5    Str:  7    XL:     6   Next: 96%
Magic:  12/14      EV: 17    Int: 21    God:
Gold:   152        SH:  0    Dex: 12    Spells: 3 memorised, 11 levels left

rFire  . . .     SeeInvis .     h - +0 rapier
rCold  . . .     Gourm    .     a - +0 robe
rNeg   . . .     Faith    .     (no shield)
rPois  .         Spirit   .     b - +1 hat
rElec  .         Dismiss  .     (no cloak)
rCorr  .         Reflect  .     (no gloves)
SustAt .         Harm     .     (no boots)
MR     .....                    (no amulet)
Stlth  ++........               (no ring)
                                k - +5 ring of evasion

@: flying, mesmerised, repel missiles, not resistant to hostile enchantments,
unstealthy
A: hooves 1, yellow scales 1, spiny 1
a: no special abilities


You were in a sewer.
You were not hungry.

You visited 1 branch of the dungeon, and saw 3 of its levels.
You also visited: Sewer.

You collected 152 gold pieces.

Inventory:

Hand Weapons
 h - a +0 rapier (weapon)
Missiles
 f - 17 stones (quivered)
 o - 18 arrows
Armour
 a - a +0 robe (worn)
 b - a +1 hat (worn)
Jewellery
 k - a +5 ring of evasion (left hand)
Scrolls
 e - 2 scrolls of identify
 m - a scroll of remove curse
 n - a scroll of magic mapping
 r - 2 scrolls of teleportation
Potions
 q - 4 potions of flight
Books
 c - a book of Minor Magic

   Spells                             Type                      Level
   a - Magic Dart                     Conjuration                  1
   b - Blink                          Translocation                2
   c - Call Imp                       Summoning                    2
   d - Repel Missiles                 Charms/Air                   2
   e - Slow                           Hexes                        2
   f - Conjure Flame                  Conjuration/Fire             3
   g - Mephitic Cloud                 Conjuration/Poison/Air       3
Comestibles
 d - 2 bread rations
 g - 9 chunks of flesh
 j - a beef jerky
 l - a meat ration


   Skills:
 - Level 1.7 Dodging
 - Level 1.7 Stealth
 * Level 5.5 Spellcasting
 * Level 5.2 Conjurations
   Level 1.0 Summonings
 - Level 0.8 Translocations


You had 11 spell levels left.
You knew the following spells:

 Your Spells              Type           Power        Failure   Level  Hunger
a - Magic Dart            Conj           ####         1%          1    None
b - Blink                 Tloc           N/A          12%         2    None
c - Repel Missiles        Chrm/Air       #.....       17%         2    None


Dungeon Overview and Level Annotations

Branches:
Dungeon (4/15)
 Temple: D:4-7

Altars:


Innate Abilities, Weirdness & Mutations

You have large cloven feet.
You are partially covered in yellow scales (AC +2).
You are partially covered in sharp spines.


Message History

It was a potion of berserk rage.
You are too mesmerised to rage.
The malarious merfolk avatar chants its luring song.
You completely miss the malarious merfolk avatar.
Your kick misses the malarious merfolk avatar.
The malarious merfolk avatar is lightly wounded.
The malarious merfolk avatar chants its luring song.
The drowned soul touches you. The drowned soul drowns you.
* * * LOW HITPOINT WARNING * * *
The drowned soul touches you. The drowned soul drowns you.
* * * LOW HITPOINT WARNING * * *
Drink which item? (? for menu, Esc to quit)
Okay, then.
Read which item? (? for menu, Esc to quit)
As you read the scroll labeled ORHADO SIST, it crumbles to dust.
You feel aware of your surroundings.
You sensed 1 shop/portal.
It was a scroll of magic mapping.
The malarious merfolk avatar chants its luring song.
The drowned soul is struck by your spines.
The drowned soul touches you. The drowned soul drowns you.
You die...

***≈≈≈≈≈≈≈≈≈≈≈≈≈≈***##.....##
***≈≈≈≈≈≈≈≈≈≈≈≈≈## #..###..#
***≈≈≈≈≈≈≈≈≈≈≈≈≈≈# ##†## #≈≈###
***≈≈≈≈≈≈≈≈≈≈≈≈≈≈###..# #≈≈†..
***≈≈≈≈≈≈≈≈≈≈≈≈≈≈≈≈#.†#########
***≈≈≈≈≈≈≈≈≈≈≈≈≈≈≈≈†≈≈≈≈≈≈≈≈≈≈#
***≈≈≈≈≈≈≈≈≈≈≈≈≈≈†≈#††########≈
***≈≈≈≈≈≈≈≈≈≈≈≈≈≈###..#*∩,,≈≈##
***≈≈≈≈≈≈≈≈≈≈m@≈.# #..#*,,,,≈≈*
***≈≈≈≈≈≈≈≈≈≈≈≈≈.# #..#*,,,,,≈*
***≈≈≈≈≈≈≈≈≈≈≈≈≈.#*####*,,,,,≈*
***≈≈≈≈≈≈≈≈≈≈≈≈≈.+,,,,,+,,,,≈≈*
***≈≈≈≈≈≈≈≈≈≈≈≈≈≈#*************
***≈≈≈≈≈≈≈≈≈≈≈≈≈≈≈≈≈≈≈*********
***≈≈≈≈≈≈≈≈≈≈≈≈≈≈≈≈≈≈≈*********
***≈≈≈≈≈≈≈≈≈≈≈≈≈≈≈≈≈≈≈*********
*******************************


You could see a malarious merfolk avatar.

Vanquished Creatures
  The ghost of bollicks1999 the Covert, a novice OpAs (Sewer)
  A siren (Sewer)
  4 adders
  A river rat (Sewer)
  A dart slug (D:1)
  4 giant geckos
  2 bats (D:1)
  8 giant cockroaches
  A hobgoblin (D:1)
  9 kobolds
  A quokka (D:4)
  6 ball pythons
  6 giant newts (Sewer)
  6 goblins
  A jackal skeleton (D:4)
  24 rats
76 creatures vanquished.

Notes
Turn   | Place    | Note
--------------------------------------------------------------
     0 | D:1      | Chiseanne the Demonspawn Wizard began the quest for the Orb.
     0 | D:1      | Reached XP level 1. HP: 13/13 MP: 4/4
   262 | D:1      | Gained mutation: You are partially covered in yellow scales (AC +2). [demonic ancestry]
   262 | D:1      | Reached XP level 2. HP: 19/19 MP: 0/6
   728 | D:1      | Learned a level 2 spell: Blink
   731 | D:1      | Learned a level 2 spell: Repel Missiles
  1195 | D:1      | Gained mutation: You are partially covered in sharp spines. [demonic ancestry]
  1195 | D:1      | Reached XP level 3. HP: 24/24 MP: 4/8
  1366 | D:2      | You fall through a shaft for 2 floors!
  1400 | D:4      | Found a glowing drain.
  1496 | Sewer    | Entered a sewer
  1520 | Sewer    | Noticed bollicks1999's ghost (novice OpAs)
  1525 | Sewer    | Reached XP level 4. HP: 28/30 MP: 9/9
  1542 | Sewer    | Killed bollicks1999's ghost
  1542 | Sewer    | Reached skill level 5 in Spellcasting
  1542 | Sewer    | Gained mutation: You have large cloven feet. [demonic ancestry]
  1542 | Sewer    | Reached XP level 5. HP: 21/35 MP: 9/12
  1542 | Sewer    | Reached XP level 6. HP: 25/41 MP: 10/14
  1722 | Sewer    | Reached skill level 5 in Conjurations
  1852 | Sewer    | Drowned by a drowned soul

Skill      XL: |  1  2  3  4  5  6 |
---------------+-------------------+-----
Conjurations   | 2 4 5 |  5.2
Spellcasting   | 5 |  5.5
Dodging        | |  1.7
Stealth        | |  1.7
Summonings     | |  1.0
Translocations | |  0.8

Action                   |  1- 3 |  4- 6 || total
-------------------------+-------+-------++-------
Melee: Short sword       |    11 |       ||    11
       Rapier            |    19 |    82 ||   101
       Kick              |       |     8 ||     8
 Cast: Magic Dart        |    53 |     2 ||    55
       Repel Missiles    |     1 |       ||     1
  Use: Scroll            |     6 |     1 ||     7
       Potion            |       |     3 ||     3
 Stab: Sleeping          |     2 |     2 ||     4
  Eat: Chunk             |     2 |     1 ||     3
Armor: Robe              |     7 |    31 ||    38
Dodge: Dodged            |    22 |    42 ||    64
